 Dungeon Crawl Stone Soup version 0.31.0-11-ge490571c62 (webtiles) character file.

Game seed: 14113790924878649521

77 qw the Shooter (level 4, 0/25 HPs)
             Began as a Deep Elf Hunter on Feb 4, 2024.
             Slain by a ribbon worm (3 damage)
             ... on level 2 of the Dungeon.
             The game lasted 00:00:04 (1232 turns).

qw the Shooter (Deep Elf Hunter)                    Turns: 1232, Time: 00:00:05

Health: 0/25       AC:  6    Str: 10    XL:     4   Next: 13%
Magic:  6/6        EV:  5    Int: 14    God:
Gold:   80         SH:  0    Dex: 18    Spells: 3/3 levels left

rFire   . . .        a - +0 shortbow
rCold   . . .        (shield currently unavailable)
rNeg    . . .        g - +0 scale mail
rPois   .            (no helmet)
rElec   .            (no cloak)
rCorr   .            (no gloves)
SInv    .            (no boots)
Will    .....        (no amulet)
Stlth   +            (no ring)
HPRegen 0.24/turn    (no ring)
MPRegen 0.10/turn

%: no passive effects
@: held
A: no striking features
a: no special abilities


You were on level 2 of the Dungeon.
You visited 1 branch of the dungeon, and saw 2 of its levels.

You collected 80 gold pieces.


   Skills:
 - Level 1.5 Fighting
 + Level 7.5 Ranged Weapons
 - Level 2.4 Dodging
 - Level 1.2 Stealth


You had 3 spell levels left.
You didn't know any spells.
Your spell library was empty.

Inventory:

Hand Weapons
 a - a +0 shortbow (weapon)
Armour
 g - a +0 scale mail (worn)
Scrolls
 c - a scroll of immolation {unknown}
 i - a scroll of enchant armour
Potions
 b - a potion of ambrosia {unknown}
 d - a potion of curing
 e - a potion of might
 j - 2 potions of enlightenment

Dungeon Overview and Level Annotations

Branches:
Dungeon (2/15)

Altars:
Qazlal


Message History

You shoot an arrow. The arrow hits the ribbon worm.
The ribbon worm is moderately wounded.
The ribbon worm barely misses you.
You shoot an arrow. The arrow hits the ribbon worm.
The ribbon worm is moderately wounded.
The ribbon worm expels a string of sticky webbing.
The stream of webbing hits you but does no damage.
You are caught in a web!
The ribbon worm bites you.
The ribbon worm expels a string of sticky webbing.
The stream of webbing hits you but does no damage.
You are even more entangled.
The ribbon worm expels a string of sticky webbing.
The stream of webbing hits you but does no damage.
You are even more entangled.
The ribbon worm bites you. The ribbon worm barely misses you.
The ribbon worm barely misses you. The ribbon worm bites you.
The ribbon worm bites you.
Enter note:
Enter note:
Enter note:
Enter note:
Enter note:
Enter note:
1222 ||| Stepping randomly (stuck).
You struggle to detach yourself from the web.
The ribbon worm bites you but does no damage.
The ribbon worm bites you.
The ribbon worm expels a string of sticky webbing.
The stream of webbing hits you but does no damage.
You are even more entangled.
The ribbon worm bites you. The ribbon worm barely misses you.
The ribbon worm bites you. The ribbon worm barely misses you.
The ribbon worm barely misses you. The ribbon worm bites you.
You die...

.........................
.........................
.........................
........................#
.........##......#######.
.........##......# #.
.........##....... ##.
.........# ...... ...
.......@# #.. ...
.......w# ... .........
... .......... ...
....##..... .#. (...
#.....# ... ... #.....#
... .. #.....# ... ...


You could see a ribbon worm.

Vanquished Creatures
  3 adders (D:2)
  3 dart slugs (D:1)
  5 bats
  5 endoplasms
  A giant cockroach (D:1)
  4 goblins (D:1)
  2 hobgoblins (D:1)
  6 quokkas
  3 ball pythons (D:1)
  4 frilled lizards
  4 kobolds
  2 rats (D:1)
42 creatures vanquished.

Notes
Turn   | Place    | Note
-------+----------+-------------------------------------------
     0 | D:1      | qw the Deep Elf Hunter began the quest for the Orb.
     0 | D:1      | Reached XP level 1. HP: 12/12 MP: 3/3
     0 | D:1      | 0 ||| qw: Version: 0.3-a-160-g6735b56
     0 | D:1      | 0 ||| qw: Game counter: 5853
     0 | D:1      | 0 ||| qw: Melee chars always use a shield: true
     0 | D:1      | 0 ||| qw: God list: Okawaru
     0 | D:1      | 0 ||| qw: Allow faded altars: false
     0 | D:1      | 0 ||| qw: Do Orc after clearing Dungeon:15 true
     0 | D:1      | 0 ||| qw: Do second Lair branch before Depths: true
     0 | D:1      | 0 ||| qw: Lair rune preference: random
     0 | D:1      | 0 ||| qw: Goals: Normal
     0 | D:1      | 0 ||| PLANNING D:1-11
    99 | D:1      | Reached XP level 2. HP: 16/16 MP: 4/4
   105 | D:1      | Reached skill level 6 in Ranged Weapons
   204 | D:1      | HP: 2/16 [quokka (4)]
   522 | D:1      | Reached XP level 3. HP: 20/20 MP: 5/5
   959 | D:1      | 959 ||| UPGRADING to +0 scale mail.
   969 | D:1      | 969 ||| DROPPING +0 leather armour.
   970 | D:1      | 970 ||| READING 3 scrolls labelled TOINLO ELESTRAL.
   970 | D:1      | 970 ||| IDENTIFYING glowing dark potion
   971 | D:1      | 971 ||| READING 2 scrolls of identify.
   971 | D:1      | 971 ||| IDENTIFYING fizzy golden potion
   972 | D:1      | 972 ||| READING scroll of identify.
   972 | D:1      | 972 ||| IDENTIFYING blue potion
   973 | D:1      | 973 ||| READING 2 scrolls labelled ANAUFUL HEUNK.
   973 | D:1      | 973 ||| ENCHANTING +0 shortbow.
   974 | D:1      | 974 ||| DRINKING 2 white potions.
   975 | D:1      | 975 ||| DROPPING scroll of butterflies.
   976 | D:1      | 976 ||| DROPPING potion of degeneration.
  1003 | D:2      | Found a stormy altar of Qazlal.
  1055 | D:2      | Reached skill level 7 in Ranged Weapons
  1150 | D:2      | Reached XP level 4. HP: 25/25 MP: 6/6
  1222 | D:2      | 1222 ||| Stepping randomly (stuck).
  1226 | D:2      | HP: 6/25 [ribbon worm (6)]
  1228 | D:2      | HP: 2/25 [ribbon worm (4)]
  1232 | D:2      | Slain by a ribbon worm

Levels and vault maps discovered:
D:1:      giann_horns, layout_loops_corners, hangedman_decor_growths
D:2:      layout_basic, basic_altar

Skill      XL: |  1  2  3 |
---------------+----------+-----
Ranged Weapons | 6 7 |  7.5
Fighting       | |  1.5
Dodging        | |  2.4
Stealth        | |  1.2

Action                     |  1- 3 |  4- 6 || total
---------------------------+-------+-------++-------
   Fire: Shortbow          |    97 |     4 ||   101
    Use: Scroll            |     4 |       ||     4
         Potion            |     1 |       ||     1
 Armour: Leather armour    |    12 |       ||    12
         Scale mail        |     4 |     9 ||    13
  Dodge: Dodged            |    11 |     6 ||    17

Table legend:
 A = Non-vault XP
 B = Vault XP
 C = Vault XP percentage of total XP
 D = Non-vault monster count
 E = Vault monster count
 F = Vault count percentage of total count
                 A         B        C        D         E       F
            +---------+---------+-------+---------+---------+-------
      Total |     110 |       0 |   0.0 |      42 |       0 |   0.0
            +---------+---------+-------+---------+---------+-------
        D:1 |      58 |       0 |   0.0 |      32 |       0 |   0.0
        D:2 |      52 |       0 |   0.0 |      10 |       0 |   0.0
            +---------+---------+-------+---------+---------+-------
